General information
- name: BNet
- type: Ladder team game (AT/RT)
- host: Battle.net
- saver: RingOfFire
map: Mur'gulOasis
- players: 8
- length: 51:07
- speed: Fast
- version: 1.26 W3XP
- replay type: Public
» download(188 KB)
Players
team 1 (loser)

»
virginiawolf (
pink | 30 APM | 1550 actions | 51:06)
6 Priestess of the Moon
3 Searing Arrows
2 Trueshot Aura
1 Starfall
» actions
| Assign group hotkey | 157 | |
| Basic commands | 149 | |
| Build / train | 113 | |
| ESC pressed | 6 | |
| Enter build submenu | 32 | |
| Enter hero's abilities submenu | 6 | |
| Remove unit from queue | 2 | |
| Right click | 506 | |
| Select / deselect | 394 | |
| Select group hotkey | 132 | |
| Use ability | 53 | |
1550 total
» units
| Wisp | 31 | |
| Archer | 13 | |
| Huntress | 3 | |
| Faerie Dragon | 9 | |
| Glaive Thrower | 5 | |
| Dryad | 11 | |
| Hippogryph | 12 | |
| Acolyte | 2 | |
| Chimaera | 3 | |
89 total
» upgrades
| Strength of the Moon | 1 | |
| Strength of the Wild | 3 | |
| Reinforced Hides | 4 | |
| Vorpal Blades | 1 | |
| Ultravision | 1 | |
10 total
» buildings
| Altar of Elders | 1 | |
| Moon Well | 7 | |
| Ancient of War | 2 | |
| Ancient of Wonders | 2 | |
| Hunter's Hall | 1 | |
| Tree of Ages | 1 | |
| Ancient Protector | 6 | |
| Tree of Life | 3 | |
| Tree of Eternity | 1 | |
| Ancient of Lore | 2 | |
| Ancient of Wind | 2 | |
| Black Citadel | 1 | |
| Chimaera Roost | 1 | |
30 total
» build order
00:06 Altar of Elders
00:08 Moon Well
00:56 Ancient of War
01:45 Moon Well
02:16 Ancient of Wonders
02:19 Ancient of Wonders
02:55 Moon Well
03:52 Moon Well
04:50 Hunter's Hall
05:20 Moon Well
06:46 Tree of Ages
09:09 Ancient Protector
09:16 Tree of Life
11:20 Tree of Eternity
11:30 Ancient of Lore
11:35 Ancient of Wind
11:41 Ancient of Wind
12:37 Ancient Protector
12:41 Ancient Protector
12:47 Ancient Protector
14:24 Moon Well
14:40 Moon Well
14:52 Ancient Protector
15:23 Ancient Protector
16:43 Ancient of War
17:27 Ancient of Lore
30:50 Tree of Life
38:26 Black Citadel
39:05 Chimaera Roost
48:54 Tree of Life
» items
| Dust of Appearance | 1 | |
| Scroll of Town Portal | 1 | |
2 total
kush3aby (
green | 3 APM | 177 actions | 51:06)
3 Paladin
1 Holy Light
1 Divine Shield
1 Devotion Aura
» actions
| Assign group hotkey | 2 | |
| Build / train | 30 | |
| Enter build submenu | 11 | |
| Enter hero's abilities submenu | 3 | |
| Right click | 53 | |
| Select / deselect | 60 | |
| Select group hotkey | 1 | |
| Use ability | 17 | |
177 total
» units
» upgrades
» buildings
| Altar of Kings | 1 | |
| Farm | 5 | |
| Barracks | 1 | |
| Lumber Mill | 1 | |
| Scout Tower | 2 | |
| Arcane Tower | 2 | |
| Blacksmith | 1 | |
| Keep | 1 | |
| Castle | 1 | |
15 total
» build order
00:33 Altar of Kings
00:49 Farm
01:02 Barracks
01:23 Farm
01:40 Lumber Mill
02:24 Farm
02:33 Scout Tower
03:04 Farm
03:14 Arcane Tower
03:31 Scout Tower
04:00 Blacksmith
04:02 Arcane Tower
04:47 Keep
05:40 Farm
07:11 Castle
conman2500 (
purple | 22 APM | 667 actions | 29:58)
3 Lich
2 Frost Nova
1 Frost Armor
» actions
| Basic commands | 116 | |
| Build / train | 57 | |
| Enter build submenu | 15 | |
| Enter hero's abilities submenu | 3 | |
| Remove unit from queue | 5 | |
| Right click | 253 | |
| Select / deselect | 193 | |
| Use ability | 25 | |
667 total
» units
| Acolyte | 11 | |
| Ghoul | 19 | |
| Crypt Fiend | 13 | |
43 total
» upgrades
| Creature Attack | 2 | |
| Creature Carapace | 1 | |
| Web | 1 | |
4 total
» buildings
| Ziggurat | 6 | |
| Crypt | 1 | |
| Altar of Darkness | 1 | |
| Graveyard | 1 | |
| Halls of the Dead | 1 | |
10 total
» build order
00:10 Ziggurat
00:14 Crypt
00:34 Altar of Darkness
01:03 Ziggurat
02:27 Ziggurat
03:56 Graveyard
05:30 Halls of the Dead
05:35 Ziggurat
05:38 Ziggurat
05:41 Ziggurat

»
WhereDoUgetGold (
orange | 31 APM | 1563 actions | 51:06)
8 Tauren Chieftain
3 Endurance Aura
3 Shockwave
1 Reincarnation
1 War Stomp
2 Lich
1 Frost Armor
1 Frost Nova
» actions
| Basic commands | 60 | |
| Build / train | 111 | |
| Enter build submenu | 31 | |
| Enter hero's abilities submenu | 10 | |
| Remove unit from queue | 13 | |
| Right click | 496 | |
| Select / deselect | 735 | |
| Use ability | 107 | |
1563 total
» units
| Peon | 20 | |
| Grunt | 10 | |
| Raider | 15 | |
| Wind Rider | 2 | |
| Acolyte | 3 | |
| Ghoul | 4 | |
| Crypt Fiend | 7 | |
| Troll Headhunter/Berserker | 4 | |
65 total
» upgrades
| Pillage | 1 | |
| Armor | 2 | |
| Melee Weapons | 2 | |
| Berserker Strength | 1 | |
| Ensnare | 1 | |
| Creature Carapace | 1 | |
| Burrow | 1 | |
| Ranged Weapons | 2 | |
| Berserker Upgrade | 1 | |
| Troll Regeneration | 1 | |
| Creature Attack | 1 | |
14 total
» buildings
| Altar of Storms | 1 | |
| Orc Burrow | 15 | |
| War Mill | 1 | |
| Barracks | 3 | |
| Voodoo Lounge | 2 | |
| Stronghold | 1 | |
| Beastiary | 3 | |
| Fortress | 1 | |
| Ziggurat | 1 | |
| Spirit Tower | 1 | |
| Crypt | 2 | |
31 total
» build order
00:29 Altar of Storms
00:51 Orc Burrow
01:11 War Mill
01:44 Barracks
02:21 Orc Burrow
03:42 Orc Burrow
04:46 Voodoo Lounge
05:03 Voodoo Lounge
05:24 Stronghold
06:37 Orc Burrow
07:51 Beastiary
07:59 Beastiary
09:12 Beastiary
09:32 Orc Burrow
09:39 Orc Burrow
10:45 Orc Burrow
11:39 Orc Burrow
23:37 Orc Burrow
23:38 Orc Burrow
23:41 Orc Burrow
26:03 Orc Burrow
29:54 Orc Burrow
30:48 Orc Burrow
34:23 Fortress
37:23 Ziggurat
37:30 Spirit Tower
38:44 Crypt
41:14 Barracks
41:16 Barracks
41:20 Orc Burrow
43:06 Crypt
» items
| Healing Salve | 3 | |
| Scroll of Speed | 1 | |
| Tiny Great Hall | 1 | |
5 total
team 2 (winner)
RingOfFire (
teal | 63 APM | 3234 actions | 51:07)
10 Blood Mage
3 Flame Strike
3 Siphon Mana
1 Summon Phoenix
3 Banish
» actions
| Assign group hotkey | 148 | |
| Basic commands | 21 | |
| Build / train | 129 | |
| Enter build submenu | 66 | |
| Enter hero's abilities submenu | 10 | |
| Give item / drop item | 6 | |
| Remove unit from queue | 1 | |
| Right click | 1743 | |
| Select / deselect | 535 | |
| Select group hotkey | 313 | |
| Use ability | 262 | |
3234 total
» units
| Peasant | 28 | |
| Footman | 7 | |
| Dragonhawk Rider | 5 | |
| Flying Machine | 9 | |
49 total
» upgrades
| Masonry | 2 | |
| Lumber Harvesting | 2 | |
| Gunpowder | 2 | |
| Flak Cannons | 1 | |
| Plating | 1 | |
| Flying Machine Bombs | 1 | |
9 total
» buildings
| Altar of Kings | 2 | |
| Barracks | 2 | |
| Farm | 11 | |
| Scout Tower | 32 | |
| Arcane Vault | 1 | |
| Arcane Tower | 1 | |
| Lumber Mill | 4 | |
| Keep | 1 | |
| Guard Tower | 9 | |
| Gryphon Aviary | 3 | |
| Town Hall | 3 | |
| Blacksmith | 2 | |
| Castle | 1 | |
| Workshop | 5 | |
77 total
» build order
00:28 Altar of Kings
00:44 Barracks
00:55 Farm
01:05 Farm
01:40 Farm
01:44 Farm
02:14 Farm
02:30 Scout Tower
02:43 Arcane Vault
02:48 Arcane Tower
03:34 Lumber Mill
04:26 Keep
04:43 Scout Tower
04:44 Scout Tower
04:44 Scout Tower
05:58 Guard Tower
06:01 Scout Tower
06:02 Scout Tower
06:03 Scout Tower
06:05 Scout Tower
06:06 Scout Tower
06:07 Scout Tower
06:08 Scout Tower
06:09 Scout Tower
11:26 Guard Tower
14:21 Scout Tower
14:22 Scout Tower
14:23 Scout Tower
14:23 Scout Tower
14:24 Scout Tower
14:25 Scout Tower
14:25 Scout Tower
14:25 Scout Tower
14:27 Scout Tower
14:30 Scout Tower
15:11 Guard Tower
15:24 Guard Tower
16:25 Guard Tower
19:55 Gryphon Aviary
19:55 Gryphon Aviary
19:56 Gryphon Aviary
21:16 Farm
22:57 Town Hall
26:44 Farm
26:47 Farm
26:49 Farm
27:13 Farm
27:19 Farm
27:21 Town Hall
28:58 Blacksmith
29:02 Blacksmith
29:04 Barracks
29:14 Altar of Kings
30:25 Castle
30:36 Lumber Mill
32:02 Scout Tower
32:02 Scout Tower
32:04 Scout Tower
32:30 Scout Tower
32:31 Guard Tower
32:32 Scout Tower
32:33 Guard Tower
32:35 Scout Tower
32:53 Scout Tower
32:53 Scout Tower
33:31 Guard Tower
33:35 Scout Tower
33:42 Workshop
33:42 Workshop
34:08 Lumber Mill
35:47 Guard Tower
35:50 Workshop
35:51 Workshop
35:51 Workshop
37:00 Scout Tower
39:38 Lumber Mill
41:45 Town Hall
» items
| Scroll of Regeneration | 10 | |
| Scroll of Town Portal | 2 | |
| Boots of Speed | 1 | |
| Potion of Invisibility | 8 | |
| Potion of Lesser Invulnerability | 7 | |
| Periapt of Vitality | 1 | |
| Staff of Teleportation | 1 | |
| Potion of Healing | 7 | |
| Potion of Mana | 6 | |
| Lesser Clarity Potion | 4 | |
47 total
mavriccc (
blue | 45 APM | 352 actions | 07:50)
1 Archmage
1 Blizzard
» actions
| Build / train | 18 | |
| Enter build submenu | 16 | |
| Enter hero's abilities submenu | 1 | |
| Right click | 200 | |
| Select / deselect | 102 | |
| Use ability | 15 | |
352 total
» units
» upgrades
» buildings
| Scout Tower | 4 | |
| Lumber Mill | 1 | |
| Arcane Tower | 2 | |
| Keep | 1 | |
| Altar of Kings | 1 | |
| Farm | 2 | |
| Guard Tower | 2 | |
| Blacksmith | 1 | |
| Castle | 1 | |
| Arcane Sanctum | 2 | |
| Workshop | 2 | |
19 total
» build order
00:16 Scout Tower
00:19 Scout Tower
00:35 Lumber Mill
00:45 Arcane Tower
00:50 Arcane Tower
02:09 Keep
02:17 Scout Tower
02:28 Scout Tower
02:33 Altar of Kings
02:50 Farm
02:54 Guard Tower
02:57 Guard Tower
03:46 Blacksmith
04:31 Castle
04:55 Arcane Sanctum
05:03 Arcane Sanctum
05:25 Workshop
06:22 Workshop
06:59 Farm
Cr00kByDaB00k (
yellow | 15 APM | 123 actions | 08:13)
2 Death Knight
1 Death Pact
1 Death Coil
» actions
| Basic commands | 6 | |
| Build / train | 22 | |
| Enter build submenu | 8 | |
| Enter hero's abilities submenu | 2 | |
| Right click | 29 | |
| Select / deselect | 45 | |
| Use ability | 11 | |
123 total
» units
| Acolyte | 3 | |
| Ghoul | 8 | |
| Crypt Fiend | 1 | |
| Gargoyle | 3 | |
15 total
» upgrades
| Cannibalize | 1 | |
| Creature Attack | 1 | |
| Creature Carapace | 1 | |
3 total
» buildings
| Altar of Darkness | 1 | |
| Crypt | 2 | |
| Ziggurat | 4 | |
| Halls of the Dead | 1 | |
| Graveyard | 1 | |
9 total
» build order
00:07 Altar of Darkness
00:13 Crypt
00:21 Ziggurat
01:29 Ziggurat
01:51 Ziggurat
02:45 Ziggurat
03:14 Crypt
03:41 Halls of the Dead
04:20 Graveyard
john3000 (
red | 24 APM | 205 actions | 08:22)
1 Blood Mage
1 Flame Strike
» actions
| Basic commands | 2 | |
| Build / train | 24 | |
| Enter build submenu | 15 | |
| Enter hero's abilities submenu | 1 | |
| Right click | 47 | |
| Select / deselect | 94 | |
| Use ability | 22 | |
205 total
» units
| Peasant | 5 | |
| Footman | 10 | |
| Rifleman | 4 | |
19 total
» upgrades
» buildings
| Altar of Kings | 1 | |
| Farm | 6 | |
| Barracks | 2 | |
| Scout Tower | 3 | |
| Lumber Mill | 1 | |
| Arcane Tower | 1 | |
| Guard Tower | 1 | |
| Arcane Vault | 1 | |
| Blacksmith | 1 | |
17 total
» build order
00:12 Altar of Kings
00:19 Farm
00:28 Barracks
00:32 Scout Tower
01:20 Lumber Mill
01:37 Arcane Tower
01:47 Farm
02:52 Barracks
03:08 Scout Tower
04:02 Guard Tower
04:08 Farm
04:23 Arcane Vault
04:44 Blacksmith
04:51 Farm
05:36 Farm
05:43 Farm
07:17 Scout Tower
Chat log
(00:17 / All) RingOfFire: Gentlemen
(00:28 / All) kush3aby: ...
(00:29 / All) virginiawolf: yes?
(00:35 / All) RingOfFire: greetings
(00:41 / All) virginiawolf: I prefer this title HNIC
(00:44 / All) kush3aby: ....k
(03:50 / All) RingOfFire: Lovely
(06:32 / Allies) RingOfFire: omw
(06:36 / Allies) mavriccc: tp
(07:40 / Allies) mavriccc: nice help yellow
(07:51 / Allies) Cr00kByDaB00k: i did help..
(08:00 / All) RingOfFire: goddamn it
(08:15 / All) RingOfFire: gay ass faggots
(08:18 / All) RingOfFire: I wanted to go blood mage only
(08:27 / All) RingOfFire: you got lucky with rush
(08:29 / All) kush3aby: leave
(08:30 / All) virginiawolf: why blood mage?
(08:35 / All) RingOfFire: suck my dick
(08:37 / All) RingOfFire: you aren't good
(08:43 / All) RingOfFire: I'll show you
(09:33 / All) RingOfFire: that's why
(09:41 / All) virginiawolf: because you can kill peons
(09:44 / All) virginiawolf: ?
(09:45 / All) RingOfFire: yeah
(09:47 / All) RingOfFire: it';s fun
(09:52 / All) virginiawolf: fair nuff
(10:15 / All) RingOfFire: that's just level 2
(10:21 / All) RingOfFire: level 3 kills them almost instantly
(11:11 / All) virginiawolf: he's pretty fast
(11:33 / All) RingOfFire: THESE BOOTS WERE MADE FOR WALKING
(11:36 / All) RingOfFire: AND THAT'S JUST WHAT THEY'LL DO
(11:43 / All) RingOfFire: ONE OF THESE DAYS THESE BOOTS ARE GONNA WALK ALL OVER YOU
(11:44 / All) virginiawolf: oh that's it eh
(12:04 / All) RingOfFire: I awnted to mass moon wells with warden last night
(12:11 / All) RingOfFire: got the unluckiest team ever vs rushers
(12:16 / All) RingOfFire: 3 techers, I was on outside, hit first
(12:21 / All) virginiawolf: lol
(12:54 / All) virginiawolf: hahaha
(13:43 / All) WhereDoUgetGold: haha damn
(14:55 / All) WhereDoUgetGold: teal
(14:56 / All) WhereDoUgetGold: just leave
(14:59 / All) RingOfFire: nah
(14:59 / All) WhereDoUgetGold: you arent doing shit
(15:04 / All) RingOfFire: green was a faggot
(15:06 / All) WhereDoUgetGold: god its fuckers like you
(15:12 / All) WhereDoUgetGold: that make this game not even fun
(15:12 / All) RingOfFire: blame green
(15:15 / All) RingOfFire: lol
(15:17 / All) WhereDoUgetGold: shut up faggot
(15:20 / All) WhereDoUgetGold: you could easily leave
(15:23 / All) WhereDoUgetGold: and never speak to him again
(15:26 / All) WhereDoUgetGold: who cares
(15:30 / All) WhereDoUgetGold: so he said something online
(15:31 / All) WhereDoUgetGold: big deal
(15:33 / All) WhereDoUgetGold: be a fucking man
(15:39 / All) WhereDoUgetGold: and stop wasting our times
(15:41 / All) WhereDoUgetGold: god damn
(17:39 / All) RingOfFire: come and get it
(18:44 / All) virginiawolf: hahahaha
(19:34 / All) RingOfFire: TT
(19:42 / All) virginiawolf: :(
(19:47 / All) WhereDoUgetGold: seriuosly man
(19:54 / All) WhereDoUgetGold: grow a pair of balls
(19:58 / All) WhereDoUgetGold: literally staying is pointless
(20:01 / All) WhereDoUgetGold: come on
(20:02 / All) RingOfFire: lol
(20:04 / All) RingOfFire: you suck ass bro
(20:07 / All) RingOfFire: Earn your win
(20:14 / All) WhereDoUgetGold: we already earned it your being a pussy
(20:18 / All) RingOfFire: no you didn't
(20:24 / All) WhereDoUgetGold: and don't
(20:38 / All) WhereDoUgetGold: "bro" me you litle fag
(20:39 / All) virginiawolf: :(
(26:24 / All) RingOfFire: funny game, yahmean?
(29:55 / All) RingOfFire: I am dumb lol
(29:59 / All) RingOfFire: I thought I could net them
(30:03 / All) virginiawolf: LOL
(30:27 / All) virginiawolf: so you weren't secretly massing gryphs all along
(30:40 / All) virginiawolf: I dunno I think purple ran out of gold and didn't know how to ask for some
(32:15 / All) virginiawolf: damn
(33:50 / All) RingOfFire: so fly
(33:51 / All) RingOfFire: so fly
(35:51 / All) WhereDoUgetGold: teal
(35:53 / All) WhereDoUgetGold: please
(35:54 / All) WhereDoUgetGold: fucking
(35:55 / All) WhereDoUgetGold: leave
(36:09 / All) RingOfFire: make me...
(44:04 / All) WhereDoUgetGold: pink
(46:08 / All) RingOfFire: If one of my teammates had stayed and gave me gold I do believe I would ahve won this one
(46:14 / All) virginiawolf: yeah probably
(46:15 / All) WhereDoUgetGold: well lets see
(46:23 / All) WhereDoUgetGold: green didnt even leave the game
(46:24 / All) virginiawolf: I basically fucked off though when it became just you
(46:27 / All) WhereDoUgetGold: so hes just sitting there
(46:34 / All) WhereDoUgetGold: wasting gold
(46:35 / All) WhereDoUgetGold: and space
(46:40 / All) WhereDoUgetGold: purple left with jack shit
(46:48 / All) RingOfFire: I needed to try harder for expos and get more towers
(46:55 / All) WhereDoUgetGold: you actually did very well
(46:58 / All) virginiawolf: lol we didn't do shit for like 20 minutes
(47:14 / All) virginiawolf: orange... we shouldve won it ages ago if we were playing for real
(47:24 / All) WhereDoUgetGold: yeaaaaa
(47:26 / All) RingOfFire: lol
(47:27 / All) RingOfFire: sure
(47:37 / All) virginiawolf: (I think orange is playing "for real"
(47:39 / All) virginiawolf: )
(47:49 / All) RingOfFire: he';s 205-245
(47:53 / All) RingOfFire: that's bad
(47:56 / All) virginiawolf: woah
(48:11 / All) WhereDoUgetGold: yea cz i leave half my games when im trying to play with some friends hahaha
(49:01 / All) WhereDoUgetGold: shit
(49:02 / All) WhereDoUgetGold: Hahhaa
(49:02 / All) virginiawolf: oh wtf i got chims
(49:23 / All) RingOfFire: :(
(49:29 / All) virginiawolf: does banish cancel starfall?
(49:35 / All) RingOfFire: dunno
(49:40 / All) RingOfFire: probably
(49:40 / All) virginiawolf: i wonder
(49:50 / All) RingOfFire: I tried to tunnel out
(49:51 / All) virginiawolf: but you can banish yourself and cast spells right?
(49:53 / All) WhereDoUgetGold: now can you leave?
(49:53 / All) RingOfFire: to get to a gold mine lol
(49:57 / All) RingOfFire: yeah
(50:05 / All) virginiawolf: don't know much about it
(50:18 / All) virginiawolf: the banish+flame combo is great though
(50:52 / All) RingOfFire: I was going to leave after the demonstration of blood mage prowess too lawls